 Dungeon Crawl Stone Soup version 0.24-a0-789-g35933f4585 (webtiles) character file.

Game seed: 12836271147822122632, levelgen mode: deterministic

100 Kohma the Caller (level 4, 0/30 HPs)
             Began as a Merfolk Summoner on Oct 10, 2019.
             Slain by a slave (2 damage)
             ... led by Pikel
             ... on level 4 of the Dungeon.
             The game lasted 00:08:45 (3681 turns).

Kohma the Caller (Merfolk Summoner)                 Turns: 3681, Time: 00:08:45

Health: 0/30       AC:  4    Str:  8    XL:     4   Next: 74%
Magic:  1/7        EV: 12    Int: 15    God:
Gold:   227        SH:  4    Dex: 14    Spells: 5/8 levels left

rFire    . . .     SeeInvis .   r - +1 trident (flame)
rCold    . . .     Gourm    .   f - +0 buckler
rNeg     . . .     Faith    .   q - +0 leather armour
rPois    .         Spirit   .   (no helmet)
rElec    .         Reflect  .   (no cloak)
rCorr    .         Harm     .   g - +0 pair of gloves
MR       .....                  (no boots)
Stlth    ++........             (no amulet)
HPRegen  0.10/turn              (no ring)
MPRegen  0.10/turn              (no ring)

@: no status effects
A: change form in water, swift swim, stealthy swim
a: no special abilities


You were on level 4 of the Dungeon.
You were not hungry.

You visited 1 branch of the dungeon, and saw 4 of its levels.

You collected 227 gold pieces.

Inventory:

Hand Weapons
 r - a +1 trident of flaming (weapon)
Armour
 a - a +0 robe
 f - a +0 buckler (worn)
 g - a +0 pair of gloves (worn)
 j - a +0 ring mail
 q - a +0 leather armour (worn)
 s - a +2 scale mail of magic resistance
Jewellery
 o - a cursed ring of attention {unknown}
Scrolls
 b - a scroll of remove curse {unknown}
 e - a scroll of fear {unknown}
 i - 2 scrolls of identify {unknown}
 n - 2 scrolls of magic mapping {unknown}
Potions
 d - 2 potions of might {unknown}
 h - a potion of agility {unknown}
 k - 4 potions of heal wounds {unknown}
 l - a potion of brilliance {unknown}
 m - a potion of flight {unknown}
 t - a potion of ambrosia {unknown}
Comestibles
 c - 7 rations


   Skills:
 - Level 2.6 Dodging
 - Level 2.1 Stealth
 * Level 2.3 Shields
 + Level 2.6 Spellcasting
 * Level 4.9 Summonings


You had 5 spell levels left.
You knew the following spells:

 Your Spells              Type           Power        Failure   Level  Hunger
a - Summon Small Mammal   Summ           ###.         4%          1    #......
b - Call Imp              Summ           ###.....     8%          2    ###....

Your spell library contained the following spells:

 Spells                   Type           Power        Failure   Level  Hunger
 Call Canine Familiar     Summ           ###.....     14%         3    ###....
 Summon Guardian Golem    Hex/Summ       #.......     38%         3    ###....
 Summon Ice Beast         Ice/Summ       #.......     80%         4    #####..
 Summon Lightning Spire   Summ/Air       #.......     80%         4    #####..


Dungeon Overview and Level Annotations

Branches:
Dungeon (4/15)
 Temple: D:4-7

Altars:
Wu Jian
Beogh

Annotations:
D:3 3 runed translucent doors, exclusion: 3 doors, ViolentOr's ghost, amateur KoWr
D:4 Pikel


Message History

Pikel freezes you.
You hit Pikel but do no damage.
Your white imp barely misses the slave.
A frilled lizard comes into view.
The worker ant misses your crimson imp. The slave hits you.
The slave barely misses you. Pikel barely misses you.
Your crimson imp closely misses Pikel.
Your white imp hits the slave but does no damage.
You hit Pikel. You burn Pikel.
Pikel is lightly wounded.
The worker ant barely misses your crimson imp.
An orc comes into view.
The slave hits you!
* * * LOW HITPOINT WARNING * * *
The slave hits you but does no damage.
Pikel hits you with a +1 whip of freezing.
* * * LOW HITPOINT WARNING * * *
Pikel freezes you.
* * * LOW HITPOINT WARNING * * *
The slave hits you.
You die...

############.#
.............##
..............#
..............#
...............
........a......
......p5.......
.....sK@5......
......pp5......
.......p...(...
...............
...............
..w............
..l..$.........
.....o.........


You could see Pikel, 4 slaves, a worm, a scorpion, a worker ant, an orc, a
frilled lizard, a friendly crimson imp and 2 friendly white imps.

Vanquished Creatures
  An adder (D:2)
  2 dart slugs
  3 leopard geckos
  An orc (D:3)
  A bat (D:2)
  A giant cockroach (D:3)
  3 goblins
  4 hobgoblins
  2 kobolds (D:1)
  2 frilled lizards (D:2)
  7 rats
27 creatures vanquished.

Vanquished Creatures (collateral kills)
  An orc priest (D:3)
  Terence (D:3)
  An adder (D:2)
  A gnoll (D:1)
  An ooze (D:3)
  2 worms (D:2)
  A leopard gecko (D:1)
  An orc (D:3)
  A bat (D:1)
  5 goblins
  5 hobgoblins
  2 jackals (D:1)
  A quokka (D:2)
  A ball python (D:1)
  A frilled lizard (D:1)
  2 kobolds
  A rat (D:1)
28 creatures vanquished.

Grand Total: 55 creatures vanquished

Notes
Turn   | Place    | Note
-------+----------+-------------------------------------------
     0 | D:1      | Kohma the Merfolk Summoner began the quest for the Orb.
     0 | D:1      | Reached XP level 1. HP: 13/13 MP: 3/3
   899 | D:1      | Reached XP level 2. HP: 19/19 MP: 0/5
   906 | D:1      | Learned a level 2 spell: Call Imp
  1193 | D:1      | Reached skill level 1 in Shields
  1292 | D:1      | Reached XP level 3. HP: 24/24 MP: 6/6
  1427 | D:2      | Found an ornate altar of the Wu Jian Council.
  2433 | D:2      | Reached XP level 4. HP: 23/30 MP: 7/7
  2513 | D:2      | You fall into a shaft and drop 1 floor!
  2873 | D:3      | Noticed Terence
  2902 | D:3      | Killed Terence
  3540 | D:3      | Found a runed translucent gate.
  3540 | D:3      | Found a runed translucent gate.
  3541 | D:3      | Found a runed translucent gate.
  3542 | D:3      | Identified the +4 whip of Xomeahor {drain, +Rage SInv}
  3542 | D:3      | Noticed ViolentOr's ghost (amateur KoWr)
  3545 | D:3      | Found a roughly hewn altar of Beogh.
  3675 | D:4      | Noticed Pikel
  3675 | D:4      | Noticed a slave
  3675 | D:4      | Noticed a slave
  3675 | D:4      | Noticed a slave
  3675 | D:4      | Noticed a slave
  3681 | D:4      | Slain by a slave

Levels and vault maps discovered:
D:1:      saegor_arrival_simple_d, layout_rooms
D:2:      layout_basic, old_standard_altar, minivault_26
D:3:      layout_basic, first_ration, biasface_ghost_orc_armoury, uniq_terence
D:4:      layout_basic, gammafunk_temple_overflow_arena,
          minmay_temple_entry_glassed_door, minmay_checkerbox, uniq_pikel,
          uniq_menkaure

Skill      XL: |  1  2  3  4 |
---------------+-------------+-----
Shields        | 1 2 |  2.3
Dodging        | |  2.6
Stealth        | |  2.1
Spellcasting   | |  2.6
Summonings     | |  4.9

Action                   |  1- 3 |  4- 6 || total
-------------------------+-------+-------++-------
Melee: Unarmed           |    15 |       ||    15
       Club              |    14 |       ||    14
       Spear             |    80 |    23 ||   103
       Trident           |       |     6 ||     6
 Cast: Summon Small Mamm |    17 |       ||    17
       Call Imp          |    20 |    10 ||    30
 Stab: Sleeping          |     4 |     1 ||     5
       Distracted        |     1 |       ||     1
  Eat: Chunk             |     6 |     5 ||    11
Armor: Robe              |    12 |       ||    12
       Leather armour    |       |     3 ||     3
Dodge: Dodged            |    38 |    17 ||    55
Block: Buckler           |    12 |     5 ||    17

Table legend:
 A = Non-vault XP
 B = Vault XP
 C = Vault XP percentage of total XP
 D = Non-vault monster count
 E = Vault monster count
 F = Vault count percentage of total count
                 A         B        C        D         E       F
            +---------+---------+-------+---------+---------+-------
      Total |     126 |      18 |  12.5 |      54 |       1 |   1.8
            +---------+---------+-------+---------+---------+-------
        D:1 |      35 |       0 |   0.0 |      22 |       0 |   0.0
        D:2 |      48 |       0 |   0.0 |      22 |       0 |   0.0
        D:3 |      43 |      18 |  29.5 |      10 |       1 |   9.1
            +---------+---------+-------+---------+---------+-------
